Map: Fields of Death

Players

PiPuxD - Winner!

  • Race: Terran Terran
  • League: Gold
  • Spawn Location: 12:00

MattBarry - Winner!

  • Race: Zerg Zerg
  • League: Gold
  • Spawn Location: 12:00

VOD

Have the link to the VOD?

Description

Time

  • Played on: Jan. 28, 2023, 10:47 p.m.
  • Length: 9:22
Show
View Real Time Build Order
Export as new Build Order

PiPuxD Terran - Winner!

Build Orders:  

Get SALT Encoding   

  12  0:00  SCV  
  13  0:17  SCV  
  14  0:31  Supply Depot  
  14  0:34  SCV  
  15  0:54  Refinery  
  15  1:01  SCV  
  15  1:06  Barracks  
  16  1:18  SCV  
  17  1:35  SCV  
  18  1:52  SCV  
  19  2:11  Orbital Command  
  19  2:16  Barracks  
  19  2:17  Reaper  
  20  2:21  Refinery  
  20  2:23  Supply Depot  
  20  2:47  SCV  
  21  3:04  Factory  
  21  3:05  SCV  
  21  3:07  Barracks Reactor  
  22  3:22  SCV  
  23  3:33  Barracks Tech Lab  
  23  3:39  SCV  
  24  3:44  Unknown  
  24  3:56  SCV  
  25  4:02  Marine  
  25  4:03  Marine, Marauder  
  29  4:27  Unknown  
  29  4:40  Stimpack  
  29  4:44  SCV  
  29  4:45  Marine  
  29  4:48  Starport  
  31  4:54  Supply Depot x2  
  31  5:06  Factory Reactor  
  31  5:08  Command Center  
  31  5:24  Marine x2, Marauder  
  35  5:39  Unknown  
  35  5:49  SCV  
  36  5:55  Marine  
  36  5:56  Marine, Marauder  
  40  6:04  Supply Depot  
  40  6:06  SCV  
  41  6:20  Medivac x2  
  41  6:23  SCV  
  41  6:25  Factory Tech Lab  
  46  6:30  Marine x2  
  46  6:31  Supply Depot  
  48  6:56  SCV  
  49  7:02  Engineering Bay  
  49  7:04  Engineering Bay  
  49  7:07  Marine x2, Marauder  
  53  7:15  Medivac x2  
  57  7:30  Orbital Command  
  57  7:34  SCV  
  54  7:51  Marine x2, Marauder  
  58  8:15  Siege Tank  
  58  8:17  SCV  
  58  8:18  SCV  
  68  8:35  Marine x2, Marauder  
  67  8:59  SCV x2  
  64  9:14  Unknown x2  
Show
View Real Time Build Order
Export as new Build Order

MattBarry Zerg - Winner!

Build Orders:  

Get SALT Encoding   

  12  0:00  Drone  
  13  0:11  Drone  
  14  0:24  Extractor  
  14  0:27  Extractor  
  14  0:28  Drone  
  13  0:30  Drone  
  16  0:52  Spawning Pool  
  16  0:58  Extractor  
  14  1:02  Overlord  
  14  1:09  Extractor  
  8  1:10  Drone  
  15  1:35  Drone x3  
  18  2:02  Drone  
  18  2:04  Queen  
  18  2:07  Overlord  
  21  2:48  Zergling x4  
  23  2:58  Evolution Chamber  
  22  3:05  Zergling x2  
  23  3:16  Metabolic Boost  
  23  3:32  Hatchery  
  23  3:33  Zergling x4  
  24  3:41  Zergling x4  
  24  3:42  Zergling x4  
  24  3:48  Zerg Melee Weapons Level 1  
  28  3:55  Overlord  
  26  4:14  Zergling x2  
  25  4:53  Zergling x4  
  24  5:14  Zergling x2  
  24  5:15  Zergling x4  
  24  6:00  Zergling x8  
  24  6:01  Zergling x4  
  30  6:18  Queen  
  27  6:28  Zergling x6  
  27  6:29  Zergling x2  
  31  6:39  Queen  
  33  6:46  Zergling x10  
  38  6:54  Overlord  
  38  7:15  Zergling x6  
  41  7:23  Zergling x6  
  37  8:17  Zergling x2, Overlord  
  37  8:18  Zergling x18  
Tags
 
League
GoldGold
Matchup
Co-op
Replay Pack
Multiplayer
Add a new tag
Caveats
  • Supply blocks, unpowered buildings, or Contaminate may cause inaccurate times.
  • Supply counts are checked every 10 seconds.